AoeStats
← yatsude

Black Forest

510930243Analyzed
4v4 RM · 6h ago on Oct 3, 2026· 69m 9s· 8 players
Game mode
Random Map
Map size
Large (8 player)
Population
200
Speed
Normal
Resources
Standard
Victory
Conquest
Starting age
Dark Age
Ending age
Imperial Age
RankedLock teamsTeams togetherTeam positionsShared explorationLock speedFull tech treeHidden civsTurbo modeCheats
Victory
Defeat
🇻🇳 Spanish · Vietnam
993
+19
🇨🇳 Portuguese · China
956
+20
🇨🇳 Portuguese · China
952
+65
🇯🇵 Mongols · Japan
936
+21
🇨🇴 Bohemians · Colombia
1061
-21
🇨🇴 Danes · Colombia
1058
-20
🇨🇴 Persians · Colombia
1051
-20
🇨🇴 Franks · Colombia
1048
-20
missahmiccy
1:38 Loom
12:36 Feudal Age
13:07 Double-Bit Axe
13:04 Horse Collar
13:17 Gold Mining
13:17 Stone Mining
20:23 Castle Age
18:22 Fletching
18:33 Padded Archer Armor
18:40 Scale Barding Armor
21:32 Bow Saw
22:21 Wheelbarrow
22:10 Heavy Plow
22:52 Gold Shaft Mining
22:56 Forging
23:56 Hand Cart
28:39 Ballistics
29:43 Light Cavalry
30:33 Bloodlines
30:24 Husbandry
30:33 Thumb Ring
30:25 Bodkin Arrow
30:46 Leather Archer Armor
31:08 Iron Casting
32:28 Town Watch
35:17 Imperial Age
34:07 Caravan
35:37 Murder Holes
35:53 Fortified Wall
35:54 Masonry
36:06 Chain Barding Armor
38:11 Chemistry
37:17 Siege Engineers
37:17 Bracer
37:45 Conscription
38:17 Hussar
40:08 Blast Furnace
39:35 Town Patrol
41:07 Elite Mangudai
41:50 Nomads
42:35 Parthian Tactics
42:13 Scale Mail Armor
42:55 Drill
45:07 Hoardings
59:42 Chain Mail Armor
64:10 Stone Shaft Mining
64:16 Stone Shaft Mining
david
11:04 Feudal Age
15:54 Castle Age
14:06 Double-Bit Axe
15:09 Horse Collar
17:17 Bow Saw
24:05 Gold Mining
24:05 Stone Mining
27:56 Imperial Age
25:38 Heavy Plow
26:17 Caravan
27:28 Wheelbarrow
26:39 Loom
27:35 Wheelbarrow
27:40 Padded Archer Armor
31:22 Two-Man Saw
31:36 Scale Barding Armor
31:42 Forging
34:27 Chemistry
33:00 Light Cavalry
34:38 Hussar
35:29 Bloodlines
36:52 Chain Barding Armor
37:50 Iron Casting
37:17 Husbandry
37:27 Elite Skirmisher
38:13 Thumb Ring
37:59 Fletching
38:24 Leather Archer Armor
40:00 Bodkin Arrow
40:35 Ring Archer Armor
41:49 Bombard Tower
41:50 Ballistics
42:42 Masonry
42:27 Murder Holes
44:46 Architecture
44:09 Elite Conquistador
45:19 Pikeman
46:02 Scale Mail Armor
47:03 Blast Furnace
46:02 Halberdier
56:58 Hand Cart
57:05 Town Watch
L
0:27 Loom
12:11 Feudal Age
13:55 Town Watch
18:56 Castle Age
17:14 Double-Bit Axe
25:34 Imperial Age
24:53 Fortified Wall
24:35 Treadmill Crane
28:40 Stone Mining
29:27 Gold Mining
30:43 Conscription
31:46 Stone Shaft Mining
33:16 Chemistry
33:45 Ballistics
33:39 Masonry
34:28 Coinage
35:01 Architecture
36:10 Arquebus
37:01 Bombard Tower
37:14 Banking
37:25 Murder Holes
38:04 Guilds
39:51 Elite Organ Gun
60:12 Gambesons
60:40 Husbandry
60:51 Bloodlines
60:23 Cavalier
60:59 Arson
60:35 Pikeman
65:31 Halberdier
nolafraneckicpequ
12:02 Feudal Age
11:59 Loom
16:27 Castle Age
15:58 Horse Collar
18:11 Double-Bit Axe
22:39 Loom
25:57 Imperial Age
23:45 Stone Mining
24:28 Bow Saw
24:19 Gold Mining
25:53 Stone Shaft Mining
27:51 Chemistry
36:13 Arquebus
40:13 Elite Organ Gun
41:14 Conscription
42:07 Pikeman
42:53 Halberdier
44:23 Circumnavigation
46:11 Two-Man Saw
46:08 Bombard Tower
46:10 Ballistics
45:47 Murder Holes
46:07 Gambesons
46:08 Arson
46:26 Scale Mail Armor
46:17 Fletching
46:38 Forging
46:30 Padded Archer Armor
46:35 Scale Barding Armor
50:28 Masonry
50:31 Guard Tower
50:47 Siege Engineers
50:57 Capped Ram
53:19 Architecture
53:30 Wheelbarrow
52:41 Town Watch
54:28 Chain Mail Armor
54:48 Iron Casting
54:10 Bodkin Arrow
56:01 Plate Mail Armor
56:34 Bloodlines
55:45 Light Cavalry
56:26 Husbandry
57:14 Cavalier
60:10 Blast Furnace
59:11 Bracer
60:33 Hand Cart
60:18 Town Patrol
60:38 Leather Archer Armor
60:44 Chain Barding Armor
62:42 Ring Archer Armor
63:16 Thumb Ring
62:32 Elite Skirmisher
65:25 Plate Barding Armor
68:45 Keep
68:25 Fortified Wall
Galahad
0:48 Loom
13:12 Feudal Age
17:29 Castle Age
15:50 Double-Bit Axe
16:04 Horse Collar
18:58 Bow Saw
18:54 Heavy Plow
19:11 Town Watch
22:05 Fervor
25:04 Wheelbarrow
27:56 Chemistry
27:51 Fortified Wall
31:44 Imperial Age
30:16 Hand Cart
31:21 Masonry
32:46 Padded Archer Armor
34:19 Houfnice
39:38 Wagenburg Tactics
41:35 Siege Engineers
41:51 Bombard Tower
42:05 Architecture
42:13 Scale Mail Armor
42:24 Forging
43:15 Pikeman
43:55 Squires
43:40 Arson
44:13 Chain Mail Armor
44:34 Iron Casting
44:10 Halberdier
46:43 Plate Mail Armor
47:14 Blast Furnace
46:27 Guilds
47:02 Fletching
54:39 Onager
54:45 Onager
62:36 Two-Man Saw
64:00 Town Patrol
66:13 Bodkin Arrow
66:48 Ballistics
66:24 Murder Holes
DICO
0:49 Loom
13:08 Feudal Age
17:24 Castle Age
15:51 Double-Bit Axe
18:39 Bow Saw
19:07 Wheelbarrow
22:34 Horse Collar
25:51 Heavy Plow
28:52 Gold Mining
35:39 Imperial Age
34:13 Gold Shaft Mining
35:44 Onager
48:34 Siege Engineers
48:48 Masonry
48:44 Siege Engineers
53:28 Pikeman
54:15 Squires
54:36 Halberdier
55:05 Gambesons
55:08 Arson
59:22 Forging
59:12 Scale Mail Armor
61:50 Iron Casting
61:31 Chain Mail Armor
64:08 Plate Mail Armor
64:46 Blast Furnace
racied7
0:28 Loom
14:00 Feudal Age
16:32 Scale Barding Armor
20:04 Castle Age
18:08 Double-Bit Axe
23:27 Bow Saw
27:16 Wheelbarrow
32:58 Husbandry
33:21 Chain Barding Armor
33:12 Forging
37:12 Imperial Age
34:58 Hand Cart
35:27 Murder Holes
37:12 Iron Casting
37:16 Cavalier
40:32 Plate Barding Armor
41:00 Blast Furnace
39:50 Fletching
41:30 Conscription
42:28 Chemistry
41:35 Siege Engineers
42:07 Paladin
43:05 Elite Skirmisher
45:52 Ballistics
47:36 Pikeman
48:17 Squires
51:14 Padded Archer Armor
54:29 Leather Archer Armor
54:10 Bodkin Arrow
65:36 Light Cavalry
yatsude
5:48 Loom
13:11 Feudal Age
13:59 Double-Bit Axe
18:46 Castle Age
19:59 Wheelbarrow
19:09 Fishing Lines
21:46 Town Watch
23:37 Horse Collar
25:46 Heavy Plow
27:40 Gillnets
28:58 Scale Barding Armor
29:05 Forging
29:11 Bow Saw
29:11 Husbandry
29:23 Bloodlines
32:34 Imperial Age
31:03 Chain Barding Armor
31:20 Iron Casting
31:47 Gold Mining
32:47 Hand Cart
33:18 Gold Shaft Mining
33:22 Conscription
32:46 Cavalier
34:52 Two-Man Saw
34:56 Savar
35:55 Masonry
37:28 Blast Furnace
49:28 Plate Barding Armor
57:07 Fletching
61:34 Bodkin Arrow
65:15 Light Cavalry
Connection lost

Rejoining the realm…

Still unreachable

The connection could not be restored.

Session expired

The server has moved on; the page needs a fresh start.